 Dungeon Crawl Stone Soup version 0.21-a0-221-gfe971b9 (webtiles) character file.

6 tidbits the Conjurer (level 1, 0/17 HPs)
             Began as a Demigod Wanderer on Aug 26, 2017.
             Slain by a hobgoblin (3 damage)
             ... on level 1 of the Dungeon.
             The game lasted 00:01:53 (243 turns).

tidbits the Conjurer (Demigod Wanderer)              Turns: 243, Time: 00:01:55

Health: 0/17       AC:  5    Str: 17    XL:     1   Next: 60%
Magic:  4/4        EV: 10    Int: 15    God:
Gold:   14         SH:  2    Dex: 14    Spells: 0/0 levels left

rFire    . . .     SeeInvis .   a - +0 dagger
rCold    . . .     Gourm    .   (no shield)
rNeg     . . .     Faith    .   B - +0 ring mail
rPois    .         Spirit   .   (no helmet)
rElec    .         Reflect  +   (no cloak)
rCorr    .         Harm     .   (no gloves)
MR       .....                  (no boots)
Stlth    +.........             k - +2 amulet of reflection
HPRegen  0.05/turn              (no ring)
MPRegen  0.09/turn              (no ring)

@: no status effects
A: high mp 1
a: no special abilities


You were on level 1 of the Dungeon.
You were not hungry.

You visited 1 branch of the dungeon, and saw 2 of its levels.

You collected 14 gold pieces.

Inventory:

Hand Weapons
 a - a +0 dagger (weapon)
 b - a +0 club
Missiles
 i - 10 sling bullets
 m - 28 stones (quivered)
Armour
 B - a +0 ring mail (worn)
Jewellery
 k - a +2 amulet of reflection (around neck)
   (You found it on level 1 of the Dungeon)
Wands
 c - a wand of random effects (15/48)
Scrolls
 e - a scroll of enchant armour {unknown}
 g - a scroll of remove curse {unknown}
 j - a scroll of enchant weapon {unknown}
Potions
 h - a potion of flight {unknown}
 l - a potion of mutation {unknown}
Books
 d - a book of Minor Magic

   Spells                             Type                      Level
   a - Magic Dart                     Conjuration                  1
   b - Blink                          Translocation                2
   c - Call Imp                       Summoning                    2
   d - Slow                           Hexes                        2
   e - Conjure Flame                  Conjuration/Fire             3
   f - Mephitic Cloud                 Conjuration/Poison/Air       3
Comestibles
 f - 2 bread rations


   Skills:
 + Level 1.7 Fighting
   Level 1.0 Bows
 - Level 2.6 Armour
   Level 2.6 Conjurations
 - Level 1.7 Evocations


You couldn't memorise any spells.
You didn't know any spells.

Dungeon Overview and Level Annotations

Branches:
Dungeon (2/15)


Innate Abilities, Weirdness & Mutations

You have an increased reservoir of magic. (+10% MP)


Message History

You kill the goblin!
You see here a dagger.
b - a dagger Wield which item (- for none, * to show all)? (? for menu, Esc to quit)
b - a +0 dagger (weapon)
Adjust (i)tems, (s)pells, or (a)bilities?
Adjust which item? (? for menu, Esc to quit)
b - a +0 dagger (weapon)
Adjust to which letter? (? for menu, Esc to quit)
a - a +0 dagger (weapon);
b - a +0 club
Found a scroll labeled QOELETHR GYDY.
Found 8 gold pieces.
e - a scroll labeled QOELETHR GYDY
g - a scroll labeled CONGEEL KARIP
Found 6 gold pieces.
You now have 6 gold pieces.
Found a green potion.
h - a green potion A rat comes into view.
You hit the rat.
You kill the rat!
You see here a rat corpse.
Found 10 sling bullets.
You see here 10 sling bullets.
i - 10 sling bullets
Found a stone staircase leading down.
There is a stone staircase leading down here.
You climb downwards.
There is a stone staircase leading up here.
There is a stone staircase leading up here.
You climb upwards.
There is a stone staircase leading down here.
A frilled lizard comes into view.
The frilled lizard hisses angrily.
A rat comes into view.
You closely miss the frilled lizard.
The frilled lizard completely misses you.
You closely miss the frilled lizard. The frilled lizard misses you.
You barely miss the frilled lizard.
The frilled lizard bites you but does no damage.
Your ring mail prevents you from hitting the frilled lizard.
The frilled lizard bites you but does no damage.
You miss the frilled lizard. The frilled lizard barely misses you.
You hit the frilled lizard.
You kill the frilled lizard!
You hit the rat but do no damage. The rat barely misses you.
Your ring mail prevents you from hitting the rat.
The rat bites you but does no damage.
You barely miss the rat. The rat bites you.
You barely miss the rat. The rat bites you but does no damage.
You hit the rat.
You kill the rat!
You see here a rat corpse.
You now have 14 gold pieces (gained 8).
Found a scroll labeled LUBOLO TURIOMM.
Found a thin silver amulet.
Found a purple potion and 29 stones.
j - a scroll labeled LUBOLO TURIOMM
k - a thin silver amulet Put on which piece of jewellery? (? for menu, Esc to quit)
k - a +2 amulet of reflection (around neck)
Found 11 gold pieces.
A ball python comes into view.
The ball python hisses angrily.
A hobgoblin comes into view.
You hit the ball python.
You kill the ball python!
You see here a purple potion.
l - a purple potion You see here 29 stones.
m - 29 stones Throwing (i - inventory):
m - 29 stones (quivered)
Press: ? - help, Shift-Dir - straight line, f - hobgoblin
Aim: a hobgoblin You throw a stone.
The stone hits the hobgoblin but does no damage.
You barely miss the hobgoblin. The hobgoblin hits you.
You hit the hobgoblin but do no damage. The hobgoblin hits you.
You hit the hobgoblin but do no damage. The hobgoblin hits you.
You hit the hobgoblin.
The hobgoblin is heavily wounded.
The hobgoblin hits you.
* * * LOW HITPOINT WARNING * * *
You hit the hobgoblin.
The hobgoblin is severely wounded.
The hobgoblin closely misses you.
You hit the hobgoblin.
The hobgoblin is almost dead.
You block the hobgoblin's attack.
You hit the hobgoblin but do no damage.
The hobgoblin is almost dead.
The hobgoblin misses you.
You closely miss the hobgoblin.
The hobgoblin is almost dead.
The hobgoblin hits you.
* * * LOW HITPOINT WARNING * * *
You barely miss the hobgoblin.
The hobgoblin is almost dead.
The hobgoblin hits you.
You die...

........................
........................
........................
........................
........................
.......†................
......(.................
###...g................
#.....@................
#......................
#......................
#......................
##.....................
#.....................
###.....................
.......#.#..#######.....
............#######.####


You could see a hobgoblin.

Vanquished Creatures
  A giant cockroach (D:1)
  A goblin (D:1)
  A ball python (D:1)
  A bat (D:1)
  A frilled lizard (D:1)
  2 rats (D:1)
7 creatures vanquished.

Notes
Turn   | Place    | Note
-------+----------+-------------------------------------------
     0 | D:1      | tidbits the Demigod Wanderer began the quest for the Orb.
     0 | D:1      | tidbits set off with: a book of Minor Magic, a +0 ring mail, a wand of random effects (15/48), a +0 club, a bread ration
     0 | D:1      | Reached XP level 1. HP: 16/16 MP: 4/4
   243 | D:1      | Slain by a hobgoblin

Vault maps used:
D:1:      onia_arrival_pyramid, wad_floor_pattern_1, ashenzari_altar_1
D:2:      chequers_ecumenical_altar_island, uniq_natasha

Action                   || total
-------------------------++-------
Melee: Dagger            ||    22
       Club              ||    16
Throw: Stone             ||     1
Armor: Ring mail         ||    12
Dodge: Dodged            ||    17
Block: Other             ||     1

Table legend:
 A = Spawn XP
 B = Non-spawn XP
 C = Spawn XP percentage of total XP
 D = Spawn monster count
 E = Non-spawn monster count
 F = Spawn count percentage of total count
 G = Total turns spent on level
                    A         B        C        D         E        F      G
               +---------+---------+-------+---------+---------+-------+---------
         Total |       0 |       9 |   0.0 |       0 |       7 |   0.0 |   243
               +---------+---------+-------+---------+---------+-------+---------
           D:1 |       0 |       9 |   0.0 |       0 |       7 |   0.0 |   239
               +---------+---------+-------+---------+---------+-------+---------

Table legend:
 A = Turns spent in this place as a percentage of turns spent in the entire game.
 B = Non-inter-level travel turns spent in this place as a percentage of non-inter-level travel turns spent in the entire game.
 C = Inter-level travel turns spent in this place as a percentage of turns spent in this place.
 D = Turns resting spent in this place as a percentage of non-inter-level travel turns spent in this place.
 E = Turns spent auto-exploring this place as a percentage of non-inter-level travel turns spent in this place.
 F = Non-inter-level travel turns spent in this place divided by the number of levels of this place that you've seen.
                   A       B       C       D       E      F
               +-------+-------+-------+-------+-------+----------------------
         Total | 100.0 | 100.0 |   0.0 |   0.0 |   0.0 | 121.5
       Dungeon | 100.0 | 100.0 |   0.0 |   0.0 |   0.0 | 121.5
               +-------+-------+-------+-------+-------+----------------------

Table legend:
 A = Kills in this place as a percentage of kills in entire the game.
 B = Kills by you in this place as a percentage of kills by you in the entire game.
 C = Kills by friends in this place as a percentage of kills by friends in the entire game.
 D = Other kills in this place as a percentage of other kills in the entire game.
 E = Experience gained in this place as a percentage of experience gained in the entire game.
 F = Experience gained in this place divided by the number of levels of this place that you have seen.
                   A       B       C       D       E      F
               +-------+-------+-------+-------+-------+----------------------
         Total | 100.0 | 100.0 |   N/A |   N/A | 100.0 |   4.5
       Dungeon | 100.0 | 100.0 |   N/A |   N/A | 100.0 |   4.5
               +-------+-------+-------+-------+-------+----------------------

Vault maps used:
D:1:      onia_arrival_pyramid, wad_floor_pattern_1, ashenzari_altar_1
D:2:      chequers_ecumenical_altar_island, uniq_natasha
